 Dungeon Crawl Stone Soup version 0.31.0-9-g3a7656b989 (webtiles) character file.

Game seed: 1339740264925286232

949 qw the Skirmisher (level 7, -5/35 HPs)
             Began as a Spriggan Hunter on Feb 3, 2024.
             Killed from afar by Maggie (22 damage)
             ... with a bolt of fire
             ... on level 6 of the Dungeon.
             The game lasted 00:00:16 (4355 turns).

qw the Skirmisher (Spriggan Hunter)                 Turns: 4355, Time: 00:00:16

Health: -5/35      AC:  4    Str:  7    XL:     7   Next: 89%
Magic:  8/8        EV: 22    Int: 14    God:
Gold:   202        SH:  0    Dex: 20    Spells: 6/6 levels left

rFire   . . .        a - +1 shortbow
rCold   + . .        (shield currently unavailable)
rNeg    . . .        c - +0 robe
rPois   .            b - +2 hat of Secacal {Rampage Regen+ Int+3}
rElec   .            (no cloak)
rCorr   .            (gloves unavailable)
SInv    +            (boots unavailable)
Will    +....        (no amulet)
Stlth   ++           g - ring of protection from cold
HPRegen 1.05/turn    (no ring)
MPRegen 0.11/turn

%: rampage
@: very quick
A: very small, no large weapons, unfitting armour, see invisible, speed 3
a: no special abilities


You were on level 6 of the Dungeon.
You visited 1 branch of the dungeon, and saw 6 of its levels.

You collected 202 gold pieces.


Innate Abilities, Weirdness & Mutations

You are very small and have problems with some larger weapons.
You are too small for most types of armour.
You have supernaturally acute eyesight. (SInv)
You cover ground extremely quickly. (Speed+++)


   Skills:
 + Level 2.5 Fighting
 - Level 8.0 Ranged Weapons
 - Level 7.5 Dodging
 - Level 1.5 Stealth


You had 6 spell levels left.
You didn't know any spells.
Your spell library was empty.

Inventory:

Hand Weapons
 a - a +1 shortbow (weapon)
Armour
 b - the +2 hat of Secacal (worn) {Rampage Regen+ Int+3}
   (You acquired it on level 2 of the Dungeon)

   Int+3:     It affects your intelligence (+3).
   Regen+:    It increases your rate of health regeneration.
   Rampage:   It bestows one free step when moving towards enemies.
 c - a +0 robe (worn)
Jewellery
 g - a ring of protection from cold (left hand)
Scrolls
 p - 2 scrolls of teleportation
Potions
 d - a potion of heal wounds
 f - 3 potions of curing
 h - a potion of enlightenment
 i - 2 potions of might
 k - a potion of mutation {unknown}

Dungeon Overview and Level Annotations

Branches:
Dungeon (6/15)
 Temple: D:4-7

Altars:
Cheibriados
Fedhas
Sif Muna

Annotations:
D:6 Maggie


Message History

You shoot an arrow. The arrow hits the bullfrog!
You kill the bullfrog!
Maggie casts a spell.
Maggie attempts to bespell you!
You easily resist.
You shoot an arrow. The arrow hits Maggie!
Maggie is lightly wounded.
You shoot an arrow. The arrow hits Maggie!
Maggie is moderately wounded.
You shoot an arrow.
The arrow hits Maggie but does no damage.
Maggie is moderately wounded.
Maggie hits you with a +0 broad axe.
You shoot an arrow.
The arrow hits Maggie but does no damage.
Maggie is moderately wounded.
Maggie gestures wildly while chanting.
Maggie attempts to bespell you! You resist with almost no effort.
You shoot an arrow. The arrow hits Maggie.
Maggie is moderately wounded.
Maggie barely misses you.
You shoot an arrow. The arrow hits Maggie.
Maggie is heavily wounded.
Maggie barely misses you.
You shoot an arrow. The arrow barely misses Maggie.
Maggie barely misses you.
You shoot an arrow. The arrow hits Maggie.
Maggie is heavily wounded.
Maggie points at you and mumbles some strange words.
The bolt of fire misses you.
You hear a shout! x2
You shoot an arrow. The arrow closely misses Maggie.
Maggie hits you with a +0 broad axe!
You shoot an arrow. The arrow hits Maggie!
Maggie is severely wounded.
Maggie hits you with a +0 broad axe!
You shoot an arrow. The arrow closely misses Maggie.
Maggie gestures at you while chanting. The bolt of fire hits you!!
Ouch! That really hurt!
You die...

...................#...#
##.............#........
...#####.......#........
... #..............#
...............###
..#................
..#.............#..
......####.....## ......
#.@......# .....
#@..#.#.... ....
.....#....#.
...#####.#### .[... ..
.... . ... #..


You could see Maggie.

Vanquished Creatures
  2 ogres
  2 centaurs (D:5)
  A phantom (D:5)
  A bullfrog (D:6)
  A scorpion (D:5)
  3 hounds
  2 bombardier beetles
  A jelly (D:6)
  5 gnolls
  10 adders
  A shadow imp (D:5)
  A dart slug (D:3)
  4 ribbon worms
  8 orcs
  7 endoplasms
  7 giant cockroaches
  6 goblins
  4 hobgoblins
  4 jackals
  4 quokkas
  8 ball pythons
  9 bats
  2 frilled lizards (D:1)
  6 kobolds
  12 rats
111 creatures vanquished.

Notes
Turn   | Place    | Note
-------+----------+-------------------------------------------
     0 | D:1      | qw the Spriggan Hunter began the quest for the Orb.
     0 | D:1      | Reached XP level 1. HP: 10/10 MP: 2/2
     0 | D:1      | 0 ||| qw: Version: 0.3-a-155-g5e7d8dd
     0 | D:1      | 0 ||| qw: Game counter: 2920
     0 | D:1      | 0 ||| qw: Melee chars always use a shield: true
     0 | D:1      | 0 ||| qw: God list: Okawaru
     0 | D:1      | 0 ||| qw: Allow faded altars: false
     0 | D:1      | 0 ||| qw: Do Orc after clearing Dungeon:15 true
     0 | D:1      | 0 ||| qw: Do second Lair branch before Depths: true
     0 | D:1      | 0 ||| qw: Lair rune preference: random
     0 | D:1      | 0 ||| qw: Goals: Normal
     0 | D:1      | 0 ||| PLANNING D:1-11
   121 | D:1      | Reached skill level 3 in Dodging
   196 | D:1      | Reached XP level 2. HP: 14/14 MP: 3/3
   276 | D:1      | Reached XP level 3. HP: 18/18 MP: 4/4
   671 | D:1      | 671 ||| UPGRADING to ring of protection from cold.
   672 | D:1      | 672 ||| READING scroll labelled VOTSIS ZAIFRAR.
   673 | D:1      | 673 ||| READING scroll labelled AGAXTILLOE.
   674 | D:1      | 674 ||| DROPPING scroll of butterflies.
   987 | D:2      | Reached skill level 5 in Ranged Weapons
   987 | D:2      | Reached XP level 4. HP: 18/22 MP: 5/5
  1499 | D:2      | 1499 ||| READING scroll labelled CUHOOMP NY TIH.
  1503 | D:2      | 1503 ||| READING scroll labelled OLUL XOMMYQ.
  1503 | D:2      | 1503 ||| IDENTIFYING fizzy ruby potion
  1504 | D:2      | 1504 ||| READING scroll labelled SABBAO QOBAM.
  1504 | D:2      | Identified a scroll of acquirement
  1504 | D:2      | 1504 ||| ACQUIRING +2 hat of Secacal {Rampage Regen+ Int+3}
  1504 | D:2      | Acquired the +2 hat of Secacal {Rampage Regen+ Int+3}
  1506 | D:2      | 1506 ||| UPGRADING to +2 hat of Secacal {Rampage Regen+
                  | Int+3}.
  2312 | D:3      | Reached XP level 5. HP: 26/26 MP: 6/6
  2581 | D:3      | 2581 ||| READING scroll of identify.
  2581 | D:3      | 2581 ||| IDENTIFYING brown potion
  2582 | D:3      | 2582 ||| READING scroll labelled MENICOX PIJIAF.
  2583 | D:3      | 2583 ||| READING scroll labelled OWIDUKH ELOSA.
  2583 | D:3      | 2583 ||| ENCHANTING +0 shortbow.
  2584 | D:3      | 2584 ||| READING scroll labelled TUCSAR ITOANISM.
  2585 | D:3      | 2585 ||| READING scroll labelled DOTELI HANUWY.
  2686 | D:3      | 2686 ||| DRINKING 2 bubbling puce potions.
  2687 | D:3      | 2687 ||| DRINKING 2 glowing ruby potions.
  2688 | D:3      | 2688 ||| DROPPING potion of lignification.
  2689 | D:3      | 2689 ||| DROPPING potion of invisibility.
  2814 | D:4      | Found a blossoming altar of Fedhas.
  3089 | D:4      | Reached skill level 6 in Ranged Weapons
  3280 | D:4      | 3280 ||| READING 2 scrolls of identify.
  3280 | D:4      | 3280 ||| IDENTIFYING bubbling sapphire potion
  3281 | D:4      | 3281 ||| READING scroll of identify.
  3281 | D:4      | 3281 ||| IDENTIFYING coppery potion
  3282 | D:4      | 3282 ||| DRINKING 3 cyan potions.
  3283 | D:4      | 3283 ||| DROPPING potion of degeneration.
  3304 | D:5      | Entered Level 5 of the Dungeon
  3345 | D:5      | 3345 ||| DROPPING ring of wizardry.
  3346 | D:5      | 3346 ||| READING scroll labelled ZAOHYSCHO KIUS.
  3365 | D:5      | Reached XP level 6. HP: 19/30 MP: 7/7
  3396 | D:5      | Reached skill level 6 in Dodging
  3432 | D:5      | Found a shimmering blue altar of Sif Muna.
  3439 | D:5      | Found a snail-covered altar of Cheibriados.
  3473 | D:5      | Reached skill level 7 in Ranged Weapons
  3504 | D:5      | Reached XP level 7. HP: 35/35 MP: 8/8
  3657 | D:5      | 3657 ||| FLEEEEING.
  4177 | D:5      | 4177 ||| READING scroll labelled HOCEUC XUEVUPH.
  4177 | D:5      | 4177 ||| ENCHANTING +0 shortbow.
  4178 | D:5      | 4178 ||| READING scroll labelled BAYX BANGIDA.
  4179 | D:5      | 4179 ||| READING scroll labelled ALOAST HOESUXY.
  4313 | D:6      | Reached skill level 8 in Ranged Weapons
  4341 | D:6      | Noticed Maggie
  4355 | D:6      | Killed from afar by Maggie

Levels and vault maps discovered:
D:1:      dpeg_cavernosity, layout_rooms, minmay_misc_feat_hallway,
          hangedman_decor_lopped, minivault_25, minmay_liquid_box
D:2:      layout_loops_ring, serial_rivers, chequers_serial_rivers_small_3,
          chequers_serial_rivers_small_a, chequers_serial_rivers_micro_b,
          chequers_serial_rivers_marsh, chequers_serial_rivers_micro_d,
          minivault_25
D:3:      minmay_razor_zed, layout_loops_corners, serial_glass, glass_columns_b,
          glass_columns_b
D:4:      layout_loops_ring, nicolae_overflow_hidden_temple
D:5:      layout_loops_cross, mainiacjoe_overflow_catwalk_spiral,
          chequers_serial_rivers_micro_a
D:6:      layout_cave_pools, minmay_misc_feat_tower, uniq_maggie

Skill      XL: |  1  2  3  4  5  6  7 |
---------------+----------------------+-----
Dodging        | 3 4 5 6 7 |  7.5
Ranged Weapons | 5 6 7 8 |  8.0
Fighting       | 2 |  2.5
Stealth        | |  1.5

Action                     |  1- 3 |  4- 6 |  7- 9 || total
---------------------------+-------+-------+-------++-------
   Fire: Shortbow          |    97 |   180 |    96 ||   373
    Use: Scroll            |     2 |    11 |     3 ||    16
         Potion            |       |     3 |       ||     3
 Armour: Robe              |     3 |    12 |    21 ||    36
  Dodge: Dodged            |    21 |    66 |    52 ||   139

Table legend:
 A = Non-vault XP
 B = Vault XP
 C = Vault XP percentage of total XP
 D = Non-vault monster count
 E = Vault monster count
 F = Vault count percentage of total count
                 A         B        C        D         E       F
            +---------+---------+-------+---------+---------+-------
      Total |    1330 |      26 |   1.9 |      94 |      17 |  15.3
            +---------+---------+-------+---------+---------+-------
        D:1 |      50 |       5 |   9.1 |      24 |       4 |  14.3
        D:2 |      48 |       0 |   0.0 |      15 |       0 |   0.0
        D:3 |     121 |      21 |  14.8 |      16 |      13 |  44.8
        D:4 |     108 |       0 |   0.0 |      15 |       0 |   0.0
        D:5 |     702 |       0 |   0.0 |      18 |       0 |   0.0
        D:6 |     301 |       0 |   0.0 |       6 |       0 |   0.0
            +---------+---------+-------+---------+---------+-------
